[Event "Late-Titled-Tuesday-Blitz-June-18-2024"]
[Site "Chess.com"]
[Date "2024.06.18"]
[Round "8"]
[White "Jahonas"]
[Black "Bykov_Egor"]
[Result "1-0"]
[WhiteElo "2410"]
[BlackElo "2620"]
[TimeControl "180+1"]
[EndTime "15:30:29 PDT"]
[Termination "Jahonas won by resignation"]

1. d4 Nf6 2. Nf3 e6 3. c3 d5 4. Bf4 Bd6 5. Bg3 O-O 6. Nbd2 c5 7. e3 Qc7 8. Bd3 Nbd7 9. O-O Bxg3 10. hxg3 e5 11. dxe5 Nxe5 12. Be2 Neg4 13. c4 Be6 14. Ng5 h5 15. Nxe6 fxe6 16. cxd5 exd5 17. Bf3 Rad8 18.
Re1 Qe5 19. Qc2 b6 20. Rad1 Qg5 21. Nf1 Ne5 22. Qe2 Nxf3+ 23. gxf3 h4 24. f4 Qg6 25. Qf3 hxg3 26. Nxg3 Ne4 27. Kg2 Nxg3 28. Qxg3 Qe4+ 29. Qf3 Kf7 30. Qxe4 dxe4 31. f3 exf3+ 32. Kxf3 Rh8 33. e4 Rh3+ 34. Kg4 Rhd3 35. Rxd3 Rxd3 36. Re2 c4 37. f5 b5 38. Rc2 Kf6 39. Kf4 Rd4 40. Rg2 b4 41.
Rg6+ Kf7 42. Rc6 Rd2 43. Rxc4 Rxb2 44. Rc7+ Kf8 45. Rxa7 b3 46. axb3 Rxb3 47. e5 Rb5 48. e6 Rc5 49. Kg5 Rc2 50. Rf7+ Kg8 51. Ra7 Kf8 52. Rf7+ Kg8 53. Kf4 Rb2 54. Ke5 Rb5+ 55. Kd6 Rb6+ 56. Ke5 Rb5+ 57. Kf4 Rb4+ 58. Kg5 Rb1 59.
Ra7 Kf8 60. Ra8+ Ke7 61. Rg8 Rg1+ 62. Kf4 Kf6 63. Rf8+ Ke7 64. Rf7+ Ke8 65. Ke5 Rf1 66. Rxg7 Re1+ 67. Kf6 Kd8 68. Rg8+ Kc7 69. e7 Kd7 70. Rd8+ 1-0

[Event "Late-Titled-Tuesday-Blitz-June-18-2024"]
[Site "Chess.com"]
[Date "2024.06.18"]
[Round "8"]
[White "K-Nygren"]
[Black "lamomiajunior"]
[Result "1-0"]
[WhiteElo "2553"]
[BlackElo "2675"]
[TimeControl "180+1"]
[EndTime "15:30:33 PDT"]
[Termination "K-Nygren won by checkmate"]

1. e4 e5 2. Nf3 d6 3. Bc4 Nd7 4. d3 h6 5. c3 Ngf6 6. Be3 g5 7. Qb3 Qe7 8. Nbd2 Bg7 9. h3 Nf8 10. a4 Ng6 11. O-O-O c6 12. Qc2 b6 13. d4 O-O 14.
h4 g4 15. h5 Nf4 16. Bxf4 exf4 17. Nh4 d5 18. Bd3 Be6 19. e5 Nd7 20. Nf5 Qg5 21.
Nxg7 Kxg7 22. f3 g3 23. Kb1 c5 24. Bb5 a6 25. Bxd7 Bxd7 26. Ka1 c4 27. Rde1 Bf5 28. Qd1 a5 29. e6 fxe6 30. Re5 b5 31. Ne4 dxe4 32.
fxe4 b4 33. exf5 bxc3 34. f6+ Kxf6 35. Rxg5 Kxg5 36. Re1 cxb2+ 37. Kxb2 Rab8+ 38. Kc2 Rf5 39. Rxe6 Rg8 40. Qf3 Kh4 41. Rxh6 Re8 42. Rg6 Rg5 43. Rxg5 Kxg5 44. Qd5+ Kh4 45. h6 Re2+ 46. Kc3 Re3+ 47.
Kxc4 f3 48. gxf3 g2 49. Qg8 Re7 50. h7 Rxh7 51. Qxh7+ Kg3 52. Qg6+ Kxf3 53. d5 g1=Q 54. Qxg1 Ke4 55. Qd4+ Kf5 56. d6 Ke6 57. d7 Ke7 58.
d8=Q+ Kf7 59. Qc7+ Kg6 60. Qdd6+ Kf5 61. Qcc5+ Ke4 62.
Qcd4+ Kf3 63. Q6f4+ Kg2 64. Qdf2+ Kh1 65. Q4h2# 1-0

[Event "Late-Titled-Tuesday-Blitz-June-18-2024"]
[Site "Chess.com"]
[Date "2024.06.18"]
[Round "8"]
[White "Duhless"]
[Black "vladislavkovalev"]
[Result "1-0"]
[WhiteElo "3107"]
[BlackElo "2880"]
[TimeControl "180+1"]
[EndTime "15:30:37 PDT"]
[Termination "Duhless won by resignation"]

1. d4 Nf6 2. Nf3 e6 3. c4 b6 4. g3 Ba6 5. Qc2 Bb4+ 6. Bd2 Bxd2+ 7. Nbxd2 O-O 8. Bg2 d5 9. O-O c6 10. Rac1 Nbd7 11.
Rfd1 Bb7 12. e4 dxe4 13. Nxe4 Nxe4 14. Qxe4 Nf6 15. Qe2 Qc7 16. c5 Rfd8 17. Ne5 b5 18. a3 a5 19. Qe1 a4 20. h4 Nd5 21. h5 Re8 22. f4 Qe7 23. Bf3 f6 24. Nd3 Rad8 25.
Qf2 Qf7 26. Re1 Ne7 27. g4 Rd7 28. Re4 Nd5 29. Rce1 Rde7 30. Qg3 Bc8 31. g5 Kh8 32. g6 Qf8 33. R4e2 h6 34. Nb4 Bd7 35. Kf2 Kg8 36.
f5 Nxb4 37. axb4 exf5 38. Rxe7 Rxe7 39. Rxe7 Qxe7 40. Qb8+ Qe8 41. Qxe8+ Bxe8 42. d5 cxd5 43. Bxd5+ Kf8 44. c6 Ke7 45. c7 Bd7 46. Bb7 Kd6 47.
c8=Q Bxc8 48. Bxc8 Kd5 49. Ke3 Kc4 50. Be6+ Kxb4 51.
Kd4 f4 52. Ke4 Kc5 53. Kxf4 b4 54. Ke4 Kd6 55. Bf7 Kc5 56. Ba2 b3 57. Bb1 Kc4 58. Bd3+ Kc5 59. Ke3 Kb4 60. Kd4 a3 61. bxa3+ Kxa3 62.
Kc3 b2 63. Bb1 Ka4 64. Kc4 Ka5 65. Kd5 Kb4 66. Ke6 Kc3 67. Kf7 Kd2 68. Kxg7 Kc1 69. Bf5 1-0

[Event "Late-Titled-Tuesday-Blitz-June-18-2024"]
[Site "Chess.com"]
[Date "2024.06.18"]
[Round "8"]
[White "ellatambien"]
[Black "zverr1"]
[Result "1-0"]
[WhiteElo "2711"]
[BlackElo "2543"]
[TimeControl "180+1"]
[EndTime "15:30:39 PDT"]
[Termination "ellatambien won by checkmate"]

1. e4 c5 2. Nf3 Nc6 3. d4 cxd4 4. Nxd4 g6 5. c4 Nf6 6. Nc3 Nxd4 7. Qxd4 d6 8. Bg5 Bg7 9. Qd2 O-O 10. Bd3 Be6 11. O-O Qa5 12. b3 Rfc8 13. Rfe1 a6 14. Rac1 b5 15. Nd5 Qxd2 16. Bxd2 Bxd5 17. exd5 bxc4 18. Bxc4 Kf8 19. b4 Nd7 20. Bb3 Ne5 21. Kf1 Rab8 22.
Ke2 Ke8 23. f4 Nd7 24. Kd3 Kd8 25. Rc6 Nb6 26. Be3 Nd7 27. Rec1 Bb2 28. Rxc8+ Rxc8 29. Rc6 Ba3 30. Kc3 Rb8 31. Rc4 Nb6 32. Bxb6+ Rxb6 33. Ba4 Bc1 34. Bc6 e6 35. a4 Ke7 36. b5 axb5 37. Bxb5 Rb7 38. Bc6 Ra7 39. g3 exd5 40. Bxd5 f5 41. Kb3 Be3 42. Rb4 Bc5 43. Rb5 Kd7 44.
a5 h6 45. Bb7 g5 46. fxg5 hxg5 47. a6 Kc7 48. Kc4 Kd7 49. Rb2 f4 50. gxf4 gxf4 51.
Kd3 f3 52. h4 f2 53. Ke2 Ke6 54. Rb3 Kf6 55. Rg3 d5 56. h5 d4 57. Kxf2 d3+ 58. Ke1 Bb4+ 59. Kd1 Bd6 60. Rxd3 Bf4 61. Rf3 Kg5 62.
Rxf4 Kxf4 63. h6 Ke5 64. h7 Kd6 65. h8=Q Kc7 66. Qe5+ Kb6 67. Qd4+ Ka5 68. Qxa7 Kb5 69. Bc8 Kc6 70. Qb7+ Kc5 71. a7 Kd6 72. Bd7 Ke7 73. Ke2 Kd6 74. Kf3 Kc5 75. Kg4 Kd6 76. Kh5 Ke7 77.
Kh6 Kd6 78. Kh7 Ke7 79. Kh8 Kd6 80. Kg8 Ke7 81. Kg7 Kd6 82. Kf8 Kc5 83. Ke8 Kd4 84.
Kd8 Kc3 85. Kc8 Kd2 86. Be8 Kc1 87. Qb8 Kd2 88. a8=Q Ke1 89. Qb2 Kf1 90. Qag2+ Ke1 91. Qge2# 1-0

[Event "Late-Titled-Tuesday-Blitz-June-18-2024"]
[Site "Chess.com"]
[Date "2024.06.18"]
[Round "8"]
[White "rasmussvane"]
[Black "Legit"]
[Result "0-1"]
[WhiteElo "2972"]
[BlackElo "2788"]
[TimeControl "180+1"]
[EndTime "15:31:01 PDT"]
[Termination "Legit won by checkmate"]

1. Nf3 d5 2. g3 Nf6 3. Bg2 c6 4. O-O Bf5 5. c4 e6 6. Qb3 Qb6 7. d3 h6 8. cxd5 Qxb3 9. axb3 exd5 10. Bd2 Nbd7 11. b4 a6 12. Bc3 Rc8 13. Nbd2 Be7 14. Nb3 O-O 15. Nfd4 Bh7 16. Rfe1 Rfe8 17. Bh3 Rc7 18.
Kf1 Bf8 19. f4 h5 20. Kg2 Ng4 21. Bxg4 hxg4 22. h3 gxh3+ 23. Kxh3 Nf6 24. g4 Bd6 25. Rf1 Re3+ 26. Kh4 Rce7 27. g5 Nd7 28. Rf2 Nf8 29. Rh1 f5 30. gxf6 gxf6 31. Nf3 Bxf4 32. Bxf6 Ng6+ 33.
Kg4 Rf7 34. Bg5 Bxg5 35. Kxg5 Ne5 36. Nbd4 Nxf3+ 37. Rxf3 Rexf3 38. Nxf3 Bxd3 39. Rh2 Bxe2 40. Ne5 Rg7+ 41. Kf6 Bb5 42. Ng6 Rf7+ 43. Kg5 Kg7 44. Nf4 d4 45. Ne6+ Kg8 46. Nxd4 Rg7+ 47. Kf6 Bc4 48.
Nf5 Rf7+ 49. Kg5 Rd7 50. Kf6 Rf7+ 51. Ke5 Rd7 52. Rg2+ Kf8 53. Rh2 Rd5+ 54. Kf6 Rd7 55. Rh8+ Bg8 56. Rh2 Rf7+ 57. Ke5 Rd7 58. Nd6 Re7+ 59.
Kf6 Re6+ 60. Kf5 Rxd6 61. Ke5 Rd5+ 62. Ke4 Ke7 63. Rg2 Bf7 64. Ke3 Rb5 65. Rg4 Be6 66.
Rf4 Kd6 67. Kd2 Ke5 68. Rh4 Kd6 69. Kc3 Rd5 70. Rh7 Bd7 71. b3 Kc7 72. Kb2 Rf5 73. Ka3 b5 74. Rh4 Rd5 75. Rf4 Kb6 76. Rf6 a5 77.
bxa5+ Kxa5 78. b4+ Kb6 79. Rf3 Bf5 80. Rf4 Rd3+ 81. Kb2 Be6 82. Re4 Bc4 83. Kc2 Rb3 84.
Re8 Rxb4 85. Kc3 Rb3+ 86. Kc2 Rh3 87. Rb8+ Kc5 88. Rf8 Rh2+ 89. Kc3 b4# 0-1

[Event "Late-Titled-Tuesday-Blitz-June-18-2024"]
[Site "Chess.com"]
[Date "2024.06.18"]
[Round "8"]
[White "Zhigalko_Sergei"]
[Black "OverallStranger"]
[Result "1-0"]
[WhiteElo "2979"]
[BlackElo "2419"]
[TimeControl "180+1"]
[EndTime "15:31:11 PDT"]
[Termination "Zhigalko_Sergei won by resignation"]

1. e4 c5 2. Nf3 Nc6 3. c3 Nf6 4. e5 Nd5 5. Bc4 Nb6 6. Bb3 d6 7. exd6 Qxd6 8. O-O Be6 9. Bxe6 Qxe6 10. a4 Nd5 11. a5 a6 12. d4 cxd4 13. Nxd4 Nxd4 14. Qxd4 Qc6 15. Rd1 e6 16. Nd2 Nf6 17.
Nf3 Bc5 18. Qh4 O-O 19. Ne5 Qe4 20. Qxe4 Nxe4 21. Be3 Bxe3 22. fxe3 Rfd8 23. Rd4 Rxd4 24. exd4 Rd8 25. Ra4 Rd5 26. Rc4 g6 27. Rc8+ Kg7 28.
Rc7 Rxa5 29. Rxf7+ Kg8 30. Rf1 Ra2 31. Nd3 Nd2 32. Re1 Nc4 33. Rxe6 Nxb2 34. Ne5 Ra1+ 35. Kf2 Nd1+ 36. Kg3 Nxc3 37. Re8+ Kg7 38. Re7+ Kg8 39. Rxb7 Ne2+ 40. Kf2 Nxd4 41. Ng4 Ra2+ 42. Kf1 Nf5 43. Nf6+ Kf8 44. Nxh7+ Ke8 45. Nf6+ Kf8 46. Nh7+ Ke8 47. Kg1 Ra1+ 48. Kf2 Ra2+ 49. Kf3 a5 50. Nf6+ Kd8 51. Ra7 a4 52. Nd5 Ra1 53. Ra8+ Kd7 54. Rxa4 Rxa4 55. Nb6+ Kc6 56. Nxa4 Kd5 57. Nc3+ Ke5 58. Ne2 Nh4+ 59. Kg3 Nf5+ 60. Kg4 Ne3+ 61. Kf3 Nf5 62. Ng3 Nh4+ 63. Kf2 Kf4 64. Nf1 Kf5 65. Ne3+ Ke4 66. Kg3 g5 67. Nc4 Kf5 68. Nd6+ Kf6 69. Ne4+ Kf5 70. Nd6+ Kf6 71.
Kh3 Ng6 72. Kg4 Ne5+ 73. Kh5 Ke6 74. Ne4 g4 75. Kh4 Kf5 76. Nf2 Ng6+ 77. Kg3 Ne5 78. Nd1 Kg5 79. Ne3 Ng6 80. Nxg4 Nf4 81. Ne3 Nh5+ 82.
Kf3 Nf6 83. g3 Nh5 84. Ng2 Nf6 85. h4+ Kf5 86. Ne3+ Kg6 87. g4 Ng8 88. Kf4 Ne7 89. h5+ Kf6 90. g5+ Kg7 91. Nf5+ Nxf5 92. Kxf5 Kf8 93. g6 Kg8 94. h6 Kh8 95. Ke6 Kg8 96. g7 Kh7 97. Kf7 1-0

[Event "Late-Titled-Tuesday-Blitz-June-18-2024"]
[Site "Chess.com"]
[Date "2024.06.18"]
[Round "8"]
[White "DanielNaroditsky"]
[Black "K_A_S_T_O_R"]
[Result "1-0"]
[WhiteElo "3137"]
[BlackElo "2848"]
[TimeControl "180+1"]
[EndTime "15:31:12 PDT"]
[Termination "DanielNaroditsky won on time"]

1. e4 c5 2. c3 Nf6 3. e5 Nd5 4. Nf3 d6 5. Bc4 Nb6 6. e6 Bxe6 7. Bxe6 fxe6 8. d4 cxd4 9. cxd4 Qd7 10. O-O Nc6 11. Ng5 g6 12. Qf3 O-O-O 13. Nf7 Bg7 14. Nxh8 Rxh8 15. Be3 Nxd4 16. Bxd4 Bxd4 17. Nc3 Kb8 18.
Rfd1 e5 19. Ne2 Bc5 20. Rac1 Qe6 21. Nc3 Nd7 22. Ne4 Bb6 23. a4 Rf8 24. Qc3 Nc5 25. Ng5 Qf5 26. a5 Na4 27. Qb3 Bxf2+ 28. Kh1 Nc5 29.
Qc4 Qxg5 30. b4 Na6 31. Rf1 Qf4 32. Qe6 Nxb4 33. Qxe7 a6 34. Rc7 Rf5 35. Rxb7+ Ka8 36. h3 Qe4 37. Rd7 Nc6 38. Qe8+ Nb8 39. Rxd6 Qc4 40.
Rdd1 Ba7 41. Rfe1 Qc6 42. Qd8 Rf2 43. Qd5 Qxd5 44. Rxd5 Nc6 45. Rd7 Bd4 46. Rc1 Nb8 47.
Rxh7 Rb2 48. Re7 Rb7 49. Re6 Rf7 50. Rxg6 e4 51. Rd6 Bf2 52. Re6 e3 53. g4 Rf3 54.
Kh2 Rf7 55. Kg2 Kb7 56. g5 Nd7 57. g6 Rg7 58. Rb1+ Kc7 59. Rxa6 Kc8 60. Ra8+ Kc7 61. Ra6 Rg8 62. Ra7+ Kc6 63. Ra6+ Kc5 64. Re6 Nf8 65. Re5+ Kd4 66. Rg5 Nxg6 67. Kf1 Bh4 68. Rg4+ Ke5 69.
Rb5+ Kf6 70. Rb6+ Kf5 71. Rb5+ Kf6 72. a6 Re8 73. Ke2 Ra8 74. Rb6+ Kf5 75. Rbxg6 Bf6 76. Kxe3 Rxa6 77. Ke2 Ra2+ 78. Kd3 Ra3+ 79. Kc4 Rxh3 80. Kd5 Rd3+ 81. Kc6 Re3 82. Rg1 Re6+ 83. Kd7 Ra6 84. Rg8 Ke5 85. Re1+ Kf5 86. Rf1+ Ke5 87. Re8+ Kd5 88.
Rd1+ Kc5 89. Rc8+ Kb5 90. Rb1+ Ka5 91. Rc2 Ra7+ 92. Kc6 1-0

[Event "Late-Titled-Tuesday-Blitz-June-18-2024"]
[Site "Chess.com"]
[Date "2024.06.18"]
[Round "8"]
[White "Bugcrusher"]
[Black "HalfIsCrayfish"]
[Result "1/2-1/2"]
[WhiteElo "2407"]
[BlackElo "2561"]
[TimeControl "180+1"]
[EndTime "15:31:18 PDT"]
[Termination "Game drawn by stalemate"]

1. d4 Nf6 2. c4 g6 3. Nf3 Bg7 4. e3 O-O 5. Be2 b6 6. O-O Bb7 7. Nc3 d5 8. cxd5 Nxd5 9. Bd2 Nd7 10. Nxd5 Bxd5 11. Bc3 Rc8 12. Ba6 Rb8 13. Qc2 c5 14. Rad1 Bxf3 15. gxf3 Qc7 16. dxc5 Nxc5 17. Bxg7 Kxg7 18.
Qc3+ f6 19. Bb5 Rfd8 20. Kg2 Ne6 21. Qxc7 Nxc7 22. Be2 Ne6 23. f4 a5 24. Rxd8 Rxd8 25.
Rd1 Rc8 26. Rd7 Rc7 27. Rxc7 Nxc7 28. Bf3 e6 29. Kf1 Kf7 30. Ke2 Ke7 31. Kd3 Kd6 32.
a3 Kc5 33. Bb7 h6 34. Be4 f5 35. Bb7 b5 36. Kc3 Ne8 37. Ba8 Nf6 38. Bf3 g5 39.
fxg5 hxg5 40. h3 g4 41. hxg4 fxg4 42. Ba8 e5 43. Kd3 b4 44. Bb7 bxa3 45. bxa3 Kb5 46. Kc3 Nd7 47. Bc8 Nf6 48. Kb3 Ne4 49. Bxg4 Nxf2 50.
Be2+ Kb6 51. Kc4 Nh3 52. Kd5 Ng5 53. Kxe5 Kc5 54. Kf5 Nf7 55. e4 Nd6+ 56. Kf4 Kd4 57. e5 Nc8 58. Kf5 Kd5 59. e6 Kd6 60. Kf6 Ne7 61.
Bf3 Ng8+ 62. Kf7 Ne7 63. Be4 Nc8 64. Bb7 Ne7 65. Ba6 Nd5 66. Bc4 Ne7 67. Kf8 Ng6+ 68. Kg7 Ne7 69. Kf7 Nc6 70. Bb5 Ne7 71. Ba4 Nc8 72. Bd7 Ne7 73. Kf6 Nd5+ 74. Kf7 Ne7 75. Ke8 Nf5 76. Kd8 Ne7 77. Bc8 Nd5 78. Bd7 Ne7 79.
a4 Ng8 80. Kc8 Ne7+ 81. Kb7 Ng6 82. Ka6 Ne5 83. Kxa5 Nxd7 84. exd7 Kxd7 85. Kb6 Kc8 86. Ka7 Kc7 87. a5 Kc8 88. a6 Kc7 89. Ka8 Kc8 90.
a7 Kc7 1/2-1/2

[Event "Late-Titled-Tuesday-Blitz-June-18-2024"]
[Site "Chess.com"]
[Date "2024.06.18"]
[Round "8"]
[White "Beaterawn"]
[Black "ritanovikova"]
[Result "1/2-1/2"]
[WhiteElo "2371"]
[BlackElo "2215"]
[TimeControl "180+1"]
[EndTime "15:32:25 PDT"]
[Termination "Game drawn - insufficient material"]

1. e4 e5 2. Nf3 Nf6 3. Nxe5 d6 4.
Nf3 Nxe4 5. Nc3 Nxc3 6. dxc3 Bf5 7. Bf4 Be7 8. Qd2 O-O 9. O-O-O Nc6 10. h4 Bf6 11.
Bd3 Bg4 12. Rde1 Qd7 13. Ng5 Bf5 14. g4 Bxd3 15. Qxd3 g6 16. h5 Qxg4 17. Nxh7 Qxf4+ 18. Kb1 Kxh7 19. hxg6+ Kg8 20. gxf7+ Rxf7 21. Qg6+ Bg7 22. a3 Qf5 23. Qg2 Ne5 24. Reg1 Nf3 25. Rd1 Ne5 26. Rdg1 Nf3 27. Rd1 Ng5 28. Rdg1 Ne6 29.
Qh2 Kf8 30. f3 Ke7 31. Re1 Kd7 32. Rhg1 Re8 33. Rg2 Bf6 34. Rge2 Rfe7 35. Qf2 Nc5 36. Rxe7+ Rxe7 37. Rd1 Qe6 38. f4 b6 39. f5 Qe4 40.
Qf1 Qc6 41. Qc4 a6 42. a4 b5 43. axb5 axb5 44. Qg8 Na4 45. Qf8 Nxc3+ 46. bxc3 Qxc3 47. Kc1 Bg5+ 48. Kb1 Bf6 49. Kc1 b4 50. Qa8 b3 51.
Qa4+ Kd8 52. Qa8+ Kd7 53. Qa4+ Qc6 54. Qxb3 Qc5 55. Qa4+ Qc6 56. Qb3 Bg5+ 57. Kb1 Re5 58.
Qf7+ Be7 59. f6 Rb5+ 60. Kc1 Re5 61. fxe7 Rxe7 62. Qf5+ Kd8 63. Qf8+ Re8 64. Qf6+ Kc8 65. Qf5+ Kb8 66. Rd3 Re5 67. Rb3+ Ka7 68. Qf2+ Qc5 69. Qf4 Re1+ 70. Kb2 Qe5+ 71. Qxe5 Rxe5 72. Kc3 Ra5 73. Kc4 Rc5+ 74. Kd3 Rc6 75. c4 Rb6 76. Ra3+ Kb7 77. Kd4 Kc6 78. Ra5 Rb1 79. Ra6+ Kd7 80. Ra5 Rd1+ 81.
Kc3 Rh1 82. Rg5 Rh3+ 83. Kb4 Rh4 84. Kb5 c6+ 85. Kb6 Rxc4 86. Rg7+ Ke6 87. Rg6+ Kd5 88. Rg5+ Kd4 89. Rg4+ Kc3 90. Rg3+ Kb4 91. Rd3 d5 92. Rd1 d4 93. Rd3 c5 94. Kc6 Rc1 95. Kd5 Rc3 96. Rd1 d3 97. Rb1+ Rb3 98. Rc1 c4 99. Rxc4+ Kb5 100. Rd4 Ra3 101. Ke4 Kc5 102. Rxd3 Rxd3 103. Kxd3 1/2-1/2

[Event "Late-Titled-Tuesday-Blitz-June-18-2024"]
[Site "Chess.com"]
[Date "2024.06.18"]
[Round "9"]
[White "djano"]
[Black "unbreakablepawn35"]
[Result "1-0"]
[WhiteElo "2590"]
[BlackElo "2441"]
[TimeControl "180+1"]
[EndTime "15:39:41 PDT"]
[Termination "djano won by resignation"]

1. e4 d5 2. exd5 Qxd5 3. Nf3 Qd8 4. Bc4 Nf6 5. O-O a6 6. d4 b5 7. Bb3 Bb7 8. Re1 e6 9. Ng5 Be7 10.
Bxe6 fxe6 11. Nxe6 Qd5 12. Nxc7+ 1-0

[Event "Late-Titled-Tuesday-Blitz-June-18-2024"]
[Site "Chess.com"]
[Date "2024.06.18"]
[Round "9"]
[White "Sic_Transit_GM"]
[Black "CFalcons8"]
[Result "1-0"]
[WhiteElo "2535"]
[BlackElo "2433"]
[TimeControl "180+1"]
[EndTime "15:40:27 PDT"]
[Termination "Sic_Transit_GM won by resignation"]

1. Nf3 Nf6 2. c4 e6 3. e3 d5 4. b3 b6 5. Bb2 Nbd7 6. g3 Bb7 7. Bg2 Be7 8. O-O O-O 9. Nc3 c5 10. d3 a6 11. Qe2 dxc4 12. bxc4 Qc7 13. Rad1 Rac8 14.
Ne1 Bxg2 15. Nxg2 Qb7 16. a4 Nb8 17. f4 Nc6 18. f5 exf5 19. Nh4 g6 20. Nxf5 gxf5 21.
Rxf5 h6 22. Nd5 Nxd5 23. Qg4+ Bg5 24. Rxg5+ Kh7 25. Rg7+ 1-0

[Event "Late-Titled-Tuesday-Blitz-June-18-2024"]
[Site "Chess.com"]
[Date "2024.06.18"]
[Round "9"]
[White "NailBashirli"]
[Black "WilsonPalencia21"]
[Result "1-0"]
[WhiteElo "2755"]
[BlackElo "2603"]
[TimeControl "180+1"]
[EndTime "15:41:06 PDT"]
[Termination "NailBashirli won by resignation"]

1. e4 c5 2. Nf3 d6 3. Bb5+ Nd7 4. O-O Nf6 5. Re1 a6 6. Bxd7+ Bxd7 7. b3 Bc6 8. Nc3 g6 9. e5 Nd5 10. exd6 Qxd6 11. Ne4 Qc7 12. Bb2 Rg8 13. Be5 Qb6 14.
c4 Nb4 15. Nf6+ exf6 16. Bc7+ 1-0

[Event "Late-Titled-Tuesday-Blitz-June-18-2024"]
[Site "Chess.com"]
[Date "2024.06.18"]
[Round "9"]
[White "kalinchick"]
[Black "BillCoe"]
[Result "1-0"]
[WhiteElo "2375"]
[BlackElo "2109"]
[TimeControl "180+1"]
[EndTime "15:41:54 PDT"]
[Termination "kalinchick won by resignation"]

1. d4 d5 2. c4 e6 3. Nc3 Be7 4.
Bf4 Nf6 5. e3 O-O 6. Nf3 b6 7.
cxd5 Nxd5 8. Nxd5 exd5 9. Bd3 Ba6 10. O-O Bxd3 11. Qxd3 Bd6 12. Rac1 Bxf4 13. exf4 c6 14. Ne5 Qd6 15. Rc3 Rd8 16. Rfc1 Rc8 17. Nxf7 Kxf7 18. Qf5+ 1-0

[Event "Late-Titled-Tuesday-Blitz-June-18-2024"]
[Site "Chess.com"]
[Date "2024.06.18"]
[Round "9"]
[White "StoreySniper"]
[Black "aexmi"]
[Result "0-1"]
[WhiteElo "2390"]
[BlackElo "2299"]
[TimeControl "180+1"]
[EndTime "15:42:15 PDT"]
[Termination "aexmi won on time"]

1. e4 c5 2. Nf3 g6 3. d4 cxd4 4. c3 Bg7 5. cxd4 d5 6. e5 Bg4 7.
Bb5+ Nc6 8. Bxc6+ bxc6 9. Nc3 e6 10. O-O Ne7 11. Bg5 O-O 0-1

[Event "Late-Titled-Tuesday-Blitz-June-18-2024"]
[Site "Chess.com"]
[Date "2024.06.18"]
[Round "9"]
[White "scrambleyourbrain"]
[Black "ChEsper99"]
[Result "1-0"]
[WhiteElo "2398"]
[BlackElo "2255"]
[TimeControl "180+1"]
[EndTime "15:42:24 PDT"]
[Termination "scrambleyourbrain won by resignation"]

1. e4 e6 2. d4 d5 3. Nd2 dxe4 4. Nxe4 Nd7 5. Nf3 Ngf6 6. Bd3 Nxe4 7. Bxe4 Nf6 8. Bd3 b6 9. c3 Bb7 10. O-O Be7 11. Ne5 O-O 12. f4 Be4 13. Bxe4 Nxe4 14. Qf3 f5 15. Be3 Bf6 16. Rad1 Bxe5 17. fxe5 c6 18.
g4 g6 19. gxf5 gxf5 20. c4 Qe7 21. Kh1 Kh8 22. d5 cxd5 23. cxd5 exd5 24. Rxd5 Rad8 25. Rxd8 Qxd8 26. e6 Qf6 27. Qxe4 fxe4 28. Rxf6 Rxf6 29. Bd4 Kg7 30. e7 Kf7 31. Bxf6 e3 32. Kg2 1-0

[Event "Late-Titled-Tuesday-Blitz-June-18-2024"]
[Site "Chess.com"]
[Date "2024.06.18"]
[Round "9"]
[White "Dolphin_2010"]
[Black "OparinGrigoriy"]
[Result "0-1"]
[WhiteElo "2816"]
[BlackElo "3023"]
[TimeControl "180+1"]
[EndTime "15:42:32 PDT"]
[Termination "OparinGrigoriy won on time"]

1. d4 Nf6 2. Bg5 Nc6 3. Bxf6 gxf6 4. e3 e5 5. Nf3 Rg8 6. g3 d5 7. Be2 Bh3 8. Nbd2 Qd6 9. c3 O-O-O 10. b4 Kb8 11.
Nb3 f5 0-1

[Event "Late-Titled-Tuesday-Blitz-June-18-2024"]
[Site "Chess.com"]
[Date "2024.06.18"]
[Round "9"]
[White "VirtualCoach"]
[Black "dolynachess"]
[Result "0-1"]
[WhiteElo "2348"]
[BlackElo "2539"]
[TimeControl "180+1"]
[EndTime "15:42:32 PDT"]
[Termination "dolynachess won by resignation"]

1. e4 c5 2. Nf3 d6 3. d4 cxd4 4. Nxd4 Nf6 5. Nc3 g6 6. Be3 Nc6 7. f3 h5 8. Qd2 Nxd4 9. Kd1 Nc6 10. Bb5 Bd7 11. Kc1 a6 12. Be2 Bg7 13. b3 Qa5 14. Kb2 Rc8 15. a3 O-O 16. Rad1 b5 17. Ka2 Nb4+ 18. Kb2 Nxc2 19. Qxc2 Nxe4 20. fxe4 Rxc3 21.
b4 Qxa3+ 0-1

[Event "Late-Titled-Tuesday-Blitz-June-18-2024"]
[Site "Chess.com"]
[Date "2024.06.18"]
[Round "9"]
[White "kalxandria"]
[Black "dianamirza"]
[Result "1-0"]
[WhiteElo "2245"]
[BlackElo "1805"]
[TimeControl "180+1"]
[EndTime "15:42:33 PDT"]
[Termination "kalxandria won by resignation"]

1. e4 d5 2. exd5 Qxd5 3. Nc3 Qd8 4. d4 Nf6 5. Nf3 Bg4 6. Bc4 e6 7. Be3 Be7 8. Qd2 O-O 9. Ne5 Bh5 10. f3 Nbd7 11. O-O-O Nxe5 12. dxe5 Qxd2+ 13. Rxd2 Ne8 14. Rd7 Bb4 15. Ne4 Bg6 16. Bd3 f5 17.
Ng5 Bf7 18. Bc4 h6 19. Nxf7 Rxf7 20. Bxe6 1-0

[Event "Late-Titled-Tuesday-Blitz-June-18-2024"]
[Site "Chess.com"]
[Date "2024.06.18"]
[Round "9"]
[White "Navyblue1"]
[Black "duone"]
[Result "0-1"]
[WhiteElo "2172"]
[BlackElo "2409"]
[TimeControl "180+1"]
[EndTime "15:42:34 PDT"]
[Termination "duone won by resignation"]

1. d4 Nf6 2. c4 e6 3. Nf3 d5 4. Nc3 Bb4 5. Bg5 dxc4 6. e4 b5 7. e5 h6 8. exf6 hxg5 9. fxg7 Rg8 10. h4 g4 11. Ne5 Rxg7 12. h5 f5 13. h6 Rh7 14.
Qd2 Bb7 15. O-O-O a6 16. f3 gxf3 17. gxf3 Nd7 18. Qe3 Nxe5 19. dxe5 Qe7 20. Rg1 Bc5 21. Rg8+ Kf7 22. Rxa8 Bxe3+ 0-1

[Event "Late-Titled-Tuesday-Blitz-June-18-2024"]
[Site "Chess.com"]
[Date "2024.06.18"]
[Round "9"]
[White "K_A_S_T_O_R"]
[Black "azikom"]
[Result "1-0"]
[WhiteElo "2853"]
[BlackElo "2702"]
[TimeControl "180+1"]
[EndTime "15:43:16 PDT"]
[Termination "K_A_S_T_O_R won by resignation"]

1. e4 Nf6 2. e5 Nd5 3. d4 d6 4.
Nf3 dxe5 5. Nxe5 c6 6. Bd3 Nd7 7. Nf3 N7f6 8. a3 Bg4 9. O-O e6 10. c4 Nb6 11. Be3 Be7 12. Nbd2 O-O 13. Qc2 Bh5 14. Ne5 Nbd7 15. h3 Bg6 16. Nxg6 hxg6 17. Nf3 Qc7 18. b4 e5 19. dxe5 Nxe5 20. Nxe5 Qxe5 21. Rfe1 Bd6 22. g3 Qh5 23. Bf1 a5 24. Rad1 Bc7 25. Bg2 axb4 26. axb4 Rad8 27. Qb3 Rfe8 28.
Rxd8 Rxd8 29. b5 Ba5 30. Ra1 Bd2 31. Rd1 Ba5 32. Rxd8+ Bxd8 33. bxc6 bxc6 34. Qb8 Qa5 35. Bxc6 Kh7 36. Qb7 Bc7 37. Kg2 Qe5 38.
Bf4 1-0

[Event "Late-Titled-Tuesday-Blitz-June-18-2024"]
[Site "Chess.com"]
[Date "2024.06.18"]
[Round "9"]
[White "ToddBryant"]
[Black "unkiyto"]
[Result "1-0"]
[WhiteElo "2385"]
[BlackElo "2583"]
[TimeControl "180+1"]
[EndTime "15:43:17 PDT"]
[Termination "ToddBryant won by checkmate"]

1. e4 c5 2. Nf3 d6 3. d4 cxd4 4.
Nxd4 Nf6 5. Nc3 a6 6. Bg5 Nbd7 7.
Qe2 h6 8. Bh4 e6 9. f4 Be7 10.
O-O-O O-O 11. g4 Qc7 12. g5 Nh7 13. gxh6 Bxh4 14. Qg4 Bf6 15. hxg7 Re8 16. Rg1 Nc5 17. Bd3 e5 18. Qh5 exd4 19. e5 Nxd3+ 20. Rxd3 dxe5 21.
f5 Qd7 22. Qxh7+ Kxh7 23. Rh3+ Kg8 24. Rh8# 1-0

[Event "Late-Titled-Tuesday-Blitz-June-18-2024"]
[Site "Chess.com"]
[Date "2024.06.18"]
[Round "9"]
[White "jcmesafischer"]
[Black "ninjatrick"]
[Result "0-1"]
[WhiteElo "2353"]
[BlackElo "2467"]
[TimeControl "180+1"]
[EndTime "15:43:17 PDT"]
[Termination "ninjatrick won by resignation"]

1. e4 e5 2. Nf3 Nc6 3. Bb5 Nf6 4.
d3 Bc5 5. c3 O-O 6. O-O d6 7. b4 Bb6 8. a4 a6 9. Bc4 Bg4 10. Be3 Ne7 11. Bxb6 cxb6 12. Nbd2 Qc7 13. Rc1 d5 14. exd5 Nexd5 15. Re1 Rfe8 16. Qb3 Rad8 17. h3 Bf5 18. Ne4 Nf4 19. Rcd1 Bxe4 20. dxe4 Rxd1 21. Rxd1 Nxe4 22. Bd5 Nxc3 23. Bxf7+ Qxf7 24. Qxc3 Ne2+ 0-1

[Event "Late-Titled-Tuesday-Blitz-June-18-2024"]
[Site "Chess.com"]
[Date "2024.06.18"]
[Round "9"]
[White "Roedor"]
[Black "campochess"]
[Result "1-0"]
[WhiteElo "2443"]
[BlackElo "2185"]
[TimeControl "180+1"]
[EndTime "15:43:24 PDT"]
[Termination "Roedor won by resignation"]

1. d4 Nf6 2. c4 g6 3. g3 d5 4. cxd5 Nxd5 5. Bg2 Bg7 6. Nf3 O-O 7. O-O Nb6 8. Nc3 Bg4 9. Ne5 Bf5 10. Bxb7 N8d7 11. Nxd7 Qxd7 12. Bxa8 Rxa8 13. d5 Rd8 14. e4 Bh3 15. Re1 Bg4 16. f3 Bh3 17. Be3 Nc4 18. Qe2 Nxe3 19. Qxe3 Qd6 20. Rad1 Bc8 21. Kg2 Qb4 22.
Rd2 a5 23. a3 Qb7 24. Na4 Qb5 25. Nc3 Qb3 26. h4 h5 27. Qc5 Re8 28. Qb5 a4 29. Qxe8+ Kh7 30. Qxc8 1-0